 Dungeon Crawl Stone Soup version 0.27.0-1-g7a089689b8 (webtiles) character file.

Game seed: 16527908042847380524

16 Spectrina the Ducker (level 2, -3/18 HPs)
             Began as a Deep Elf Monk on Aug 6, 2021.
             Splashed by a jelly's acid (7 damage)
             ... on level 5 of the Dungeon.
             The game lasted 00:01:43 (276 turns).

Spectrina the Ducker (Deep Elf Monk)                 Turns: 276, Time: 00:01:44

Health: -3/18      AC:  4    Str:  8    XL:     2   Next: 41%
Magic:  5/6        EV: 13    Int: 14    God:
Gold:   10         SH:  0    Dex: 17    Spells: 3/3 levels left

rFire    . . .     SeeInvis .   a - +0 short sword
rCold    . . .     Faith    .   (no shield)
rNeg     . . .     Spirit   .   b - +0 robe
rPois    .         Reflect  .   (no helmet)
rElec    .         Harm     .   c - +1 cloak
rCorr    .         Rampage  .   (no gloves)
Will     .....                  (no boots)
Stlth    ++........             (no amulet)
HPRegen  0.06/turn              (no ring)
MPRegen  0.10/turn              (no ring)

@: mighty
A: no striking features
a: no special abilities


You were on level 5 of the Dungeon.
You visited 1 branch of the dungeon, and saw 5 of its levels.

You collected 10 gold pieces.

Inventory:

Hand Weapons
 a - a +0 short sword (weapon)
Armour
 b - a +0 robe (worn)
 c - a +1 cloak (worn)
Scrolls
 d - a scroll of enchant weapon {unknown}
 e - a scroll of amnesia {unknown}
 g - a scroll of noise {unknown}
Potions
 h - a potion of brilliance {unknown}


   Skills:
 - Level 2.4 Fighting
 - Level 3.0 Short Blades
 - Level 3.6 Dodging
 - Level 2.4 Stealth
 + Level 1.4 Spellcasting
 * Level 1.9 Invocations


You had 3 spell levels left.
You didn't know any spells.
Your spell library was empty.

Dungeon Overview and Level Annotations

Branches:
Dungeon (5/15)
 Temple: D:4-7

Altars:

Annotations:
D:2 Sigmund


Message History

You close the door.
An ufetubus opens the door.
A jelly comes into view.
You close the door.
An ufetubus opens the door.
The jelly moves out of view.
You hear a distant slurping noise.
There is a stone staircase leading up here.
You completely miss the ufetubus. The ufetubus barely misses you.
The ufetubus hits you but does no damage.
You barely miss the ufetubus. The ufetubus misses you.
The ufetubus hits you but does no damage.
The ufetubus closely misses you. The ufetubus barely misses you.
You hit the ufetubus.
The ufetubus is moderately wounded.
The ufetubus barely misses you. The ufetubus hits you.
Okay, then.
You closely miss the ufetubus.
The ufetubus is moderately wounded.
The ufetubus hits you. x2
It was a potion of might.
You feel very mighty all of a sudden. The ufetubus closely misses you.
The ufetubus hits you.
The ufetubus hits you but does no damage. x2
Unknown command.
You hit the ufetubus.
The ufetubus is almost dead.
The ufetubus closely misses you. The ufetubus barely misses you.
You closely miss the ufetubus.
The ufetubus is almost dead.
The ufetubus closely misses you.
The ufetubus hits you but does no damage.
The ufetubus barely misses you.
The ufetubus hits you but does no damage.
You hit the ufetubus.
You kill the ufetubus!
There is an open door here.
You puncture the jelly!
Your hands burn!
The jelly is moderately wounded.
The jelly hits you.
* * * LOW HITPOINT WARNING * * *
You are splashed with acid!
You die...

.# ..#.#
###.#.#
#<#.#.#
#.#...#
#.#...#
##'#J..#
#..@...#
#......#
#......#
#....#.#
#.......#
#.........
#........#.
#....###.#
.. #....#
.. .


You could see a jelly.

Vanquished Creatures
  An ufetubus (D:5)
  2 dart slugs (D:4)
  An endoplasm (D:1)
  A giant cockroach (D:1)
  2 hobgoblins (D:4)
7 creatures vanquished.

Notes
Turn   | Place    | Note
-------+----------+-------------------------------------------
     0 | D:1      | Spectrina the Deep Elf Monk began the quest for the Orb.
     0 | D:1      | Reached XP level 1. HP: 13/13 MP: 3/3
   165 | D:2      | Noticed Sigmund
   174 | D:4      | Noticed an orc wizard
   195 | D:4      | Reached skill level 1 in Invocations
   198 | D:4      | Reached skill level 1 in Spellcasting
   207 | D:4      | Reached XP level 2. HP: 16/18 MP: 5/5
   246 | D:5      | Entered Level 5 of the Dungeon
   276 | D:5      | Splashed by a jelly's acid

Illustrated notes

Levels and vault maps discovered:
D:1:      psy_arrival_spokes, layout_rooms, dreamdust_ecumenical_altar_statues
D:2:      kb_forest_paths, layout_rooms, serial_shops, nicolae_shop_crystal,
          grunt_decor_clamped, amcnicky_mini_corridor_feature,
          minmay_split_cup_large, uniq_sigmund
D:3:      layout_loops_ring, serial_shops, nicolae_diamond_shop,
          minmay_strange_pillars, minmay_diced_spiral
D:4:      layout_rooms, minmay_misc_feat_tiny, kennysheep_generic_room_14
D:5:      layout_basic, nicolae_overflow_hidden_temple, cheibrodos_gnoll_hut

Skill      XL: |  1 |
---------------+----+-----
Invocations    | 1 |  1.9
Spellcasting   | 1 |  1.4
Fighting       | |  2.4
Short Blades   | |  3.0
Dodging        | |  3.6
Stealth        | |  2.4

Action                   || total
-------------------------++-------
Melee: Short sword       ||    24
  Use: Scroll            ||     1
       Potion            ||     1
 Stab: Sleeping          ||     3
Armor: Robe              ||     8
Dodge: Dodged            ||    15
